AoeStats
← broeckling30

Enclosed

504123368Analyzed
1v1 RM · 29d ago on Sep 4, 2026· 46m 47s· 2 players
Game mode
Random Map
Map size
Tiny (2 player)
Population
200
Speed
Normal
Resources
Standard
Victory
Conquest
Starting age
Dark Age
Ending age
Imperial Age
RankedLock teamsTeams togetherTeam positionsShared explorationLock speedFull tech treeHidden civsTurbo modeCheats
Victory
Defeat
🇺🇸 Romans · United States
740
+14
🇲🇽 Georgians · Mexico
690
-14
JavierCuatroNueve
5:06 Loom
8:43 Feudal Age
9:22 Double-Bit Axe
11:41 Gold Mining
15:14 Town Watch
16:04 Wheelbarrow
15:32 Horse Collar
16:44 Bloodlines
21:23 Castle Age
20:11 Bloodlines
20:53 Scale Barding Armor
21:33 Padded Archer Armor
21:45 Fletching
23:40 Heavy Plow
26:56 Bow Saw
27:50 Forging
27:54 Husbandry
34:01 Murder Holes
34:25 Bodkin Arrow
35:03 Ballistics
36:17 Svan Towers
41:13 Imperial Age
39:34 Masonry
broeckling30
8:14 Loom
10:00 Feudal Age
11:06 Man-at-Arms
13:17 Double-Bit Axe
17:40 Horse Collar
18:42 Forging
18:34 Scale Mail Armor
22:59 Castle Age
23:43 Fletching
24:12 Light Cavalry
24:45 Long Swordsman
25:29 Gold Mining
27:22 Pikeman
36:08 Imperial Age
34:29 Heavy Plow
Connection lost

Rejoining the realm…

Still unreachable

The connection could not be restored.

Session expired

The server has moved on; the page needs a fresh start.